AoeStats
← Wollolo

Oasis

508508703Analyzed
4v4 RM · 8d ago on Sep 22, 2026· 53m 40s· 8 players
Game mode
Random Map
Map size
Large (8 player)
Population
200
Speed
Normal
Resources
Standard
Victory
Conquest
Starting age
Dark Age
Ending age
Imperial Age
RankedLock teamsTeams togetherTeam positionsShared explorationLock speedFull tech treeHidden civsTurbo modeCheats
Victory
Defeat
🇹🇷 Khmer · Türkiye
908
+12
🇫🇷 Franks · France
847
+14
🇬🇧 Persians · United Kingdom
845
+14
🇩🇪 Bohemians · Germany
843
+14
🇬🇧 Britons · United Kingdom
942
-19
🇬🇧 Mongols · United Kingdom
864
-16
🇬🇧 Vietnamese · United Kingdom
720
-10
🇬🇧 Spanish · United Kingdom
689
-9
Nino
12:06 Feudal Age
12:32 Double-Bit Axe
21:14 Castle Age
23:05 Husbandry
31:57 Wheelbarrow
35:48 Imperial Age
33:33 Scale Barding Armor
33:39 Forging
33:30 Scale Mail Armor
33:27 Murder Holes
34:17 Pikeman
34:58 Squires
34:43 Arson
36:07 Hand Cart
37:09 Conscription
38:04 Loom
38:05 Town Watch
38:24 Halberdier
41:00 Ballistics
41:41 Chemistry
40:52 Masonry
40:53 Fortified Wall
40:43 Horse Collar
41:30 Bow Saw
42:18 Chain Mail Armor
42:39 Iron Casting
42:30 Chain Barding Armor
41:36 Cavalier
44:11 Caravan
47:29 Town Watch
48:01 Siege Engineers
48:26 Architecture
48:29 Plate Mail Armor
48:59 Blast Furnace
48:06 Houfnice
Wollolo
11:47 Feudal Age
17:47 Castle Age
19:10 Double-Bit Axe
20:04 Forging
23:04 Bow Saw
22:50 Gold Mining
22:50 Stone Mining
26:10 Scale Barding Armor
27:45 Gold Shaft Mining
32:09 Imperial Age
31:38 Iron Casting
31:16 Scale Mail Armor
31:38 Caravan
34:17 Wheelbarrow
33:46 Crossbowman
35:26 Hand Cart
35:44 Fletching
35:54 Padded Archer Armor
36:55 Blast Furnace
36:10 Chain Mail Armor
36:43 Conscription
37:03 Bodkin Arrow
37:23 Leather Archer Armor
37:26 Elite Throwing Axeman
41:00 Plate Mail Armor
43:13 Chemistry
42:33 Ballistics
King Lear
2:50 Loom
10:48 Feudal Age
16:25 Castle Age
15:25 Double-Bit Axe
15:26 Horse Collar
23:11 Wheelbarrow
25:17 Hand Cart
27:37 Stone Mining
29:12 Gold Mining
35:11 Imperial Age
34:47 Gold Shaft Mining
34:15 Caravan
36:57 Chemistry
36:11 Heavy Scorpion
36:14 Capped Ram
37:22 Siege Ram
37:49 Light Cavalry
38:30 Husbandry
39:53 Double Crossbow
39:30 Hussar
43:36 Conscription
43:45 Forging
43:41 Scale Barding Armor
52:45 Iron Casting
52:31 Chain Barding Armor
pro.secco
11:50 Feudal Age
17:21 Castle Age
17:42 Loom
39:53 Imperial Age
38:13 Pikeman
42:23 Wheelbarrow
42:55 Double-Bit Axe
45:15 Elite Skirmisher
49:03 Hand Cart
50:39 Forging
50:30 Scale Mail Armor
50:35 Scale Barding Armor
50:20 Fletching
50:30 Padded Archer Armor
50:25 Horse Collar
51:45 Cavalier
53:29 Bow Saw
53:24 Heavy Plow
53:07 Savar
The Bucks Cougar
12:50 Feudal Age
11:06 Loom
14:08 Wheelbarrow
13:19 Town Watch
13:59 Horse Collar
14:08 Double-Bit Axe
24:04 Castle Age
25:50 Hand Cart
25:37 Heavy Plow
25:52 Bow Saw
25:35 Stone Mining
28:42 Fletching
29:23 Gold Mining
30:09 Stone Shaft Mining
29:39 Squires
31:22 Forging
33:28 Fletching
33:38 Padded Archer Armor
34:14 Iron Casting
33:40 Scale Mail Armor
33:20 Elite Skirmisher
33:41 Pikeman
36:17 Leather Archer Armor
35:58 Bodkin Arrow
37:44 Thumb Ring
38:00 Chain Mail Armor
37:54 Town Patrol
42:19 Imperial Age
the_mechanic
7:56 Loom
12:04 Feudal Age
14:52 Double-Bit Axe
14:50 Horse Collar
15:46 Man-at-Arms
16:50 Scale Mail Armor
23:16 Castle Age
23:21 Pikeman
24:16 Squires
23:48 Long Swordsman
24:14 Arson
28:08 Chain Mail Armor
33:21 Forging
42:43 Imperial Age
40:39 Fletching
40:50 Padded Archer Armor
41:21 Heavy Plow
41:17 Gold Mining
41:19 Stone Mining
41:52 Town Watch
44:27 Parthian Tactics
46:57 Ballistics
47:37 Wheelbarrow
49:38 Elite Mangudai
50:25 Bodkin Arrow
50:46 Leather Archer Armor
Shankbird497
11:14 Feudal Age
16:52 Castle Age
22:05 Horse Collar
23:33 Pikeman
24:39 Double-Bit Axe
25:34 Bloodlines
32:11 Wheelbarrow
32:24 Forging
37:39 Inquisition
43:41 Imperial Age
42:02 Iron Casting
41:21 Fletching
41:33 Padded Archer Armor
45:05 Ballistics
44:46 Murder Holes
45:04 Fortified Wall
45:17 Elite Conquistador
48:40 Caravan
Woodwould
6:39 Loom
12:33 Feudal Age
14:33 Double-Bit Axe
17:50 Horse Collar
21:21 Castle Age
19:51 Fletching
20:02 Padded Archer Armor
21:27 Crossbowman
22:42 Bodkin Arrow
25:11 Pikeman
26:26 Bow Saw
26:38 Squires
27:35 Scale Mail Armor
27:48 Forging
29:31 Town Watch
Connection lost

Rejoining the realm…

Still unreachable

The connection could not be restored.

Session expired

The server has moved on; the page needs a fresh start.